 Dungeon Crawl Stone Soup version 0.25-a0-435-g4b9beb1024 (webtiles) character file.

Game seed: 5851306905970677654, levelgen mode: deterministic

4384 Emblim88 the Ruffian (level 10, 0/93 HPs)
             Began as a Troll Venom Mage on Jan 28, 2020.
             Was a Believer of the Shining One.
             Slain by a two-headed ogre
             ... wielding a +0 giant club
              (14 damage)
             ... on level 8 of the Dungeon on Jan 29, 2020.
             The game lasted 00:21:20 (6170 turns).

Emblim88 the Ruffian (Troll Venom Mage)             Turns: 6170, Time: 00:21:20

Health: 0/93       AC:  9    Str: 20      XL:     10   Next: 13%
Magic:  12/14      EV: 10    Int: 12      God:    the Shining One [**....]
Gold:   380        SH:  0    Dex:  9 (10) Spells: 3/16 levels left

rFire    . . .     SeeInvis +     - Unarmed
rCold    . . .     Gourm    +   (no shield)
rNeg     + + .     Faith    .   n - +0 steam dragon scales
rPois    .         Spirit   .   (helmet restricted)
rElec    .         Reflect  .   (no cloak)
rCorr    .         Harm     .   (gloves unavailable)
MR       .....                  (boots unavailable)
Stlth    +.........             (no amulet)
HPRegen  0.65/turn              g - ring of see invisible
MPRegen  0.14/turn              v - ring of positive energy

@: about to teleport, glowing
A: large, unfitting armour, claws 3, fast metabolism 3, gourmand, regeneration
1, shaggy fur 1, tough skin 3
a: Divine Shield, Renounce Religion


You were on level 8 of the Dungeon.
You worshipped the Shining One.
The Shining One was pleased with you.
You were not hungry.

You visited 1 branch of the dungeon, and saw 8 of its levels.

You collected 380 gold pieces.

Inventory:

Missiles
 l - 4 large rocks (quivered)
Armour
 h - a +1 robe
 n - +0 steam dragon scales (worn)
Magical Staves
 A - an uncursed staff of death
Jewellery
 g - a ring of see invisible (left claw)
 v - a ring of positive energy (right claw)
Wands
 a - a wand of enslavement (10)
 z - a wand of flame (44)
Scrolls
 b - a scroll of identify
 d - 3 scrolls of enchant weapon
 e - a scroll of amnesia
 i - 2 scrolls of magic mapping {unknown}
 k - 3 scrolls of teleportation
 p - 3 scrolls of enchant armour
 r - a scroll of blinking
 y - 2 scrolls of remove curse
 B - 2 scrolls of fog
 C - a scroll of summoning {unknown}
Potions
 f - 3 potions of flight
 j - a potion of resistance
 m - 2 potions of lignification
 o - a potion of degeneration
 q - a potion of might
 s - a potion of agility
 t - 2 potions of mutation
 u - 3 potions of berserk rage
 x - a potion of heal wounds
Comestibles
 c - 15 rations


   Skills:
 + Level 4.3 Fighting
 - Level 1.0 Throwing
 - Level 1.5 Dodging
 - Level 1.0 Stealth
 * Level 7.1 Unarmed Combat
 + Level 3.5 Spellcasting
 + Level 4.0 Transmutations
 * Level 6.3 Poison Magic
 + Level 3.5 Invocations


You had 3 spell levels left.
You knew the following spells:

 Your Spells              Type           Power        Failure   Level  Hunger
a - Sting                 Tmut/Pois      ##..         2%          1    #......
b - Poisonous Vapours     Pois/Air       #.....       10%         2    ##.....
c - Olgreb's Toxic Radia  Pois           ###.....     17%         4    #####..
d - Mephitic Cloud        Conj/Pois/Air  #.......     28%         3    ###....
e - Ignite Poison         Fire/Tmut/Pois ##......     17%         3    ###....

Your spell library contained the following spells:

 Spells                   Type           Power        Failure   Level  Hunger
 Freeze                   Ice            #...         24%         1    #......
 Ozocubu's Armour         Chrm/Ice       #.......     56%         3    ###....
 Hailstorm                Conj/Ice       #.......     93%         4    #####..
 Summon Ice Beast         Ice/Summ       #.......     93%         4    #####..


Dungeon Overview and Level Annotations

Branches:
Dungeon (8/15)             Temple (0/1) D:4
   Lair: D:8-11

Altars:
Gozag
Hepliaklqana
Kikubaaqudgha
Trog
Uskayaw
Yredelemnul
The Shining One

Shops:
D:4 [


Innate Abilities, Weirdness & Mutations

You are too large for most types of armour.
You have claws for hands.
Your metabolism is lightning-fast.
You like to eat raw meat.
Your natural rate of healing is unusually fast.
You are covered in fur. (AC +1)
You have extremely tough skin. (AC +3)


Message History

The two-headed ogre looks more healthy.
Casting: Poisonous Vapours (safe; 10% risk of failure)
Confirm with . or Enter, or press ? or * to list all spells.
Aiming: Poisonous Vapours (safe; 10% risk of failure)
Press: ? - help, Dir - move target cursor, f/p - two-headed ogre
Aim: a two-headed ogre, wielding a +0 giant club and a +0 giant spiked club (moderately wounded, haloed) Poisonous vapours surround the two-headed ogre!
The two-headed ogre is poisoned.
Unknown command.
The two-headed ogre hits you with a +0 giant club!!
The two-headed ogre hits you with a +0 giant spiked club!
The two-headed ogre looks more healthy.
A bullfrog comes into view.
The bullfrog croaks.
As you read the scroll of teleportation, it crumbles to dust.
You feel strangely unstable.
The two-headed ogre hits you with a +0 giant club!!
* * * LOW HITPOINT WARNING * * *
The two-headed ogre hits you with a +0 giant spiked club!
You die...

#.####...###.#...
#..######## .## ##...#
#..## #..# #.## #.#.#
.#...# #..#
##.###.##.##.##..######..#
##>.#.#......##..#.......#
##...........##..#.####.##
####.............#.####.#
# #.#.......##..O......#
#............@..######
#..[##.######.###
#####..##.# #.#
..........# #.#
##(##.##### #.# #.##.# #F#
#.##.# #.. #.##.# ##.
#.##.#


You could see a two-headed ogre and a bullfrog.

Vanquished Creatures
  The ghost of paps the Slasher, a novice DsGl of Gozag (D:5)
  Maggie (D:6)
  Grinder (D:3)
  Prince Ribbit (D:5)
  Sigmund (D:3)
  A yak (D:8)
  A hungry ghost (D:8)
  Menkaure (D:5)
  Edmund (D:6)
  2 ice beasts (D:8)
  A black bear (D:4)
  A sky beast (D:7)
  An ogre (D:5)
  2 phantoms
  A centaur (D:6)
  A wolf (D:8)
  Blork the orc (D:5)
  3 bullfrogs
  4 scorpions
  7 wights
  2 howler monkeys
  5 electric eels
  2 crimson imps
  A quasit (D:8)
  A bullfrog skeleton (D:4)
  3 orc priests
  A centaur skeleton (D:4)
  Jessica (D:3)
  2 iguanas
  Terence (D:3)
  2 orc wizards (D:7)
  3 worker ants
  A worker ant zombie (D:5)
  Robin (D:3)
  9 adders
  11 gnolls
  5 shadow imps
  4 white imps (D:8)
  An ufetubus (D:8)
  An adder skeleton (D:4)
  2 worms
  2 dart slugs (D:1)
  3 leopard geckos
  17 orcs
  7 bats
  6 giant cockroaches
  11 hobgoblins
  4 jackals (D:2)
  A quokka (D:2)
  5 frilled lizards
  11 goblins
  15 kobolds
  A quokka skeleton (D:6)
  7 rats
182 creatures vanquished.

Vanquished Creatures (others)
  A wizard (D:3)
  3 fungi (D:3)
  A plant (D:6)
  4 toadstools (D:3)
9 creatures vanquished.

Grand Total: 191 creatures vanquished

Notes
Turn   | Place    | Note
-------+----------+-------------------------------------------
     0 | D:1      | Emblim88 the Troll Venom Mage began the quest for the Orb.
     0 | D:1      | Reached XP level 1. HP: 16/16 MP: 1/1
     3 | D:1      | Noticed an electric eel
     3 | D:1      | Noticed an electric eel
   138 | D:1      | Reached XP level 2. HP: 24/24 MP: 2/2
   442 | D:1      | Learned a level 2 spell: Poisonous Vapours
   816 | D:2      | Reached XP level 3. HP: 32/32 MP: 4/4
   870 | D:2      | Reached skill level 1 in Unarmed Combat
   870 | D:2      | Reached skill level 1 in Transmutations
   953 | D:2      | Reached skill level 1 in Fighting
  1087 | D:2      | Reached XP level 4. HP: 38/41 MP: 5/5
  1123 | D:2      | Noticed a phantom
  1140 | D:2      | Killed a phantom
  1140 | D:2      | Reached XP level 5. HP: 27/48 MP: 6/6
  1184 | D:2      | Found a faded altar of an unknown god.
  1649 | D:2      | Learned a level 4 spell: Olgreb's Toxic Radiance
  1698 | D:3      | Noticed Grinder
  1725 | D:3      | Killed Grinder
  1725 | D:3      | Reached skill level 1 in Throwing
  1725 | D:3      | Reached skill level 2 in Unarmed Combat
  1725 | D:3      | Reached XP level 6. HP: 32/57 MP: 6/8
  1825 | D:3      | Noticed Robin
  1878 | D:3      | Killed Robin
  1943 | D:3      | Found a bloodstained altar of Trog.
  1944 | D:3      | Noticed a wizard
  1950 | D:3      | Killed a wizard
  2007 | D:3      | Noticed Terence
  2019 | D:3      | Killed Terence
  2160 | D:3      | Reached XP level 7. HP: 36/65 MP: 9/9
  2174 | D:3      | Reached skill level 3 in Unarmed Combat
  2227 | D:3      | Noticed Sigmund
  2240 | D:3      | Killed Sigmund
  2273 | D:3      | Noticed Jessica
  2276 | D:3      | Killed Jessica
  2548 | D:4      | Found a hide-covered altar of Uskayaw.
  2550 | D:4      | Found a glowing golden altar of the Shining One.
  2550 | D:4      | Found a hazy altar of Hepliaklqana.
  2552 | D:4      | Found an opulent altar of Gozag.
  2655 | D:4      | Became a worshipper of the Shining One
  2735 | D:4      | Reached skill level 4 in Unarmed Combat
  2875 | D:4      | Found a staircase to the Ecumenical Temple.
  2907 | D:4      | Found Gellegg's Armour Shop.
  2920 | D:4      | Reached XP level 8. HP: 50/74 MP: 10/10
  3077 | D:5      | Entered Level 5 of the Dungeon
  3101 | D:5      | Reached skill level 1 in Invocations
  3300 | D:5      | Noticed Blork the orc
  3306 | D:5      | Killed Blork the orc
  3406 | D:5      | Found a runed translucent door.
  3410 | D:5      | Noticed Menkaure
  3413 | D:5      | Noticed paps's ghost (novice DsGl)
  3423 | D:5      | Killed Menkaure
  3514 | D:5      | Noticed Prince Ribbit
  3524 | D:5      | Killed paps's ghost
  3524 | D:5      | Reached skill level 5 in Unarmed Combat
  3524 | D:5      | Reached skill level 5 in Poison Magic
  3665 | D:5      | Killed Prince Ribbit
  3665 | D:5      | Reached XP level 9. HP: 76/83 MP: 3/12
  4064 | D:6      | Learned a level 3 spell: Mephitic Cloud
  4068 | D:6      | Learned a level 3 spell: Ignite Poison
  4084 | D:6      | Reached * piety under the Shining One
  4189 | D:6      | Noticed Edmund
  4189 | D:6      | Noticed Maggie
  4195 | D:6      | Killed Edmund
  4203 | D:6      | Killed Maggie
  4203 | D:6      | Reached skill level 6 in Unarmed Combat
  4472 | D:6      | Found an ancient bone altar of Kikubaaqudgha.
  4514 | D:6      | Found a transporter.
  4567 | D:6      | Found a transporter.
  4773 | D:6      | HP: 1/84 [electric eel/bolt of electricity (7)]
  5537 | D:7      | Found a basalt altar of Yredelemnul.
  5732 | D:8      | Reached ** piety under the Shining One
  5928 | D:8      | Reached XP level 10. HP: 40/93 MP: 14/14
  6020 | D:8      | Reached skill level 7 in Unarmed Combat
  6133 | D:8      | Noticed a two-headed ogre
  6170 | D:8      | Slain by a two-headed ogre

Levels and vault maps discovered:
D:1:      arrival_aquarium_b, layout_basic, minmay_tromino_v2
D:2:      minmay_wonky_spiral, layout_loops_ring,
          chequers_ecumenical_altar_simple_redux
D:3:      minmay_angry_zag, layout_loops_ring, minmay_gold_behind_fungi,
          trog_wizard, uniq_terence, uniq_jessica, uniq_sigmund, uniq_robin,
          uniq_grinder
D:4:      layout_rooms, minitemple, minmay_temple_entry_tees, first_ration,
          serial_shops, nicolae_shop_stone
D:5:      layout_gridville, ebering_ghost_sewer_d, uniq_menkaure,
          uniq_prince_ribbit1, uniq_blork_the_orc
D:6:      gammafunk_steamed_eel, layout_basic, kennysheep_mini_moat,
          moated_statue, uniq_maggie, uniq_edmund
D:7:      layout_cave_pools, yredelemnul_altar_generic
D:8:      layout_loops_ring, serial_shops, nicolae_shop_behind_doors,
          serial_ice, serial_ice_j, serial_ice_h, serial_ice_n, serial_ice_m,
          feat_on_display

Skill      XL: |  1  2  3  4  5  6  7  8  9 10 |
---------------+-------------------------------+-----
Unarmed Combat | 1 2 4 5 6 7 |  7.1
Transmutations | 1 2 3 4 |  4.0
Fighting       | 1 2 3 4 |  4.3
Poison Magic   | 3 4 5 6 |  6.3
Throwing       | 1 |  1.0
Spellcasting   | 2 3 |  3.5
Invocations    | 2 3 |  3.5
Dodging        | |  1.5
Stealth        | |  1.0

Action                   |  1- 3 |  4- 6 |  7- 9 | 10-12 || total
-------------------------+-------+-------+-------+-------++-------
Melee: Unarmed           |   130 |   156 |   262 |    33 ||   581
       Punch             |       |     4 |     7 |       ||    11
Throw: Large rock        |       |       |     7 |     4 ||    11
       Javelin           |       |       |     6 |     4 ||    10
 Cast: Olgreb's Toxic Ra |       |     1 |    13 |       ||    14
       Poisonous Vapours |       |       |    14 |     9 ||    23
       Ignite Poison     |       |       |     1 |       ||     1
  Use: Potion            |     2 |     1 |     3 |       ||     6
       Scroll            |       |       |    18 |     1 ||    19
  Eat: Chunk             |     7 |    18 |    27 |     3 ||    55
       Ration            |       |       |     2 |     1 ||     3
Armor: Robe              |    52 |    53 |    38 |       ||   143
       Steam dragon scal |       |       |    31 |    18 ||    49
Dodge: Dodged            |    70 |    69 |   134 |    25 ||   298

Table legend:
 A = Non-vault XP
 B = Vault XP
 C = Vault XP percentage of total XP
 D = Non-vault monster count
 E = Vault monster count
 F = Vault count percentage of total count
                 A         B        C        D         E       F
            +---------+---------+-------+---------+---------+-------
      Total |    3127 |    3136 |  50.1 |     136 |      46 |  25.3
            +---------+---------+-------+---------+---------+-------
        D:1 |      35 |       2 |   5.4 |      22 |       2 |   8.3
        D:2 |     194 |       4 |   2.0 |      25 |       3 |  10.7
        D:3 |     196 |     628 |  76.2 |      17 |      20 |  54.1
        D:4 |     466 |       0 |   0.0 |      10 |       0 |   0.0
        D:5 |     221 |    1145 |  83.8 |      12 |       7 |  36.8
        D:6 |     720 |     730 |  50.3 |      21 |       5 |  19.2
        D:7 |     502 |       0 |   0.0 |      17 |       0 |   0.0
        D:8 |     793 |     627 |  44.2 |      12 |       9 |  42.9
            +---------+---------+-------+---------+---------+-------
